 Dungeon Crawl Stone Soup version 0.20-a0-641-g673355a (webtiles) character file.

879594 slumpy the Executioner (level 27, -11/245 HPs)
             Began as a Formicid Fighter on Feb 12, 2017.
             Was the Champion of Okawaru.
             Killed from afar by a hellion (34 damage)
             ... with damnation
             ... on level 7 of Gehenna on Feb 13, 2017.
             The game lasted 10:20:36 (84463 turns).

slumpy the Executioner (Formicid Fighter)          Turns: 84463, Time: 10:20:37

Health: -11/245    AC: 32    Str: 34    XL:     27
Magic:  38/41      EV: 27    Int: 11    God:    Okawaru [******]
Gold:   6507       SH: 40    Dex: 26    Spells: 4/54 levels left

rFire    + + +     SeeInvis +   i - +9 executioner's axe (vamp)
rCold    + . .     Gourm    .   k - +2 gold dragon scales
rNeg     + + +     Faith    .   U - +10 large shield of Ignorance {rN+ Int-4}
rPois    +         Spirit   .   (helmet unavailable)
rElec    +         Reflect  .   P - scarf of Altruism {rN+ Dex+5}
rCorr    .         Harm     .   f - +2 pair of gloves "Cimul" {*Drain Str+6}
MR       ++...     Clarity  +   Q - +2 pair of boots {run}
Stlth    ..........             I - amulet of Tusmam {Regen+ Str+4 Dex+2}
Regen    0.9/turn               X - ring of the Coward {-Tele rElec rF++ rN+ Int+4}
MPRegen  0.3/turn               G - ring "Plog" {rF+ rN+ Dex+2 Slay+2}

@: heroism, finesse, studying 4 skills, quick
A: permanent stasis, dig shafts and tunnels, four strong arms, antennae 3, icy
blue scales 1, molten scales 1, clarity, deformed body, electricity resistance
}: 6/15 runes: decaying, slimy, silver, golden, iron, gossamer
a: Dig, Shaft Self, Heroism, Finesse, Renounce Religion


You were on level 7 of Gehenna.
You worshipped Okawaru.
Okawaru was exalted by your worship.
You were very hungry.

You visited 14 branches of the dungeon, and saw 67 of its levels.
You visited the Abyss 1 time.
You also visited: Trove, Ice Cave and Wizlab.

You collected 13302 gold pieces.
You spent 6795 gold pieces at shops.

Inventory:

Hand Weapons
 a - a +4 executioner's axe of chopping
 i - a +9 vampiric executioner's axe (weapon)
 r - the +10 battleaxe of Anxiety {drain, rN+}
   (Okawaru gifted it to you on level 3 of the Vaults)

   A truly terrible weapon, it drains the life of those it strikes.
   It protects you from negative energy.
 v - the +5 demon whip "Spellbinder" {antimagic, MR+}
   (You found it on level 3 of the Tomb of the Ancients)

   It reduces the magical energy of the wielder, and disrupts the spells and
   magical abilities of those hit.
   Natural abilities and divine invocations are not affected.
   It affects your resistance to hostile enchantments.
 H - a +3 executioner's axe of freezing
Missiles
 N - 18 javelins of returning (quivered)
Armour
 b - the +1 cloak of Starlight {rElec rC+ EV+4 Stlth--}
   (You found it in a wizard's laboratory)

   It affects your evasion (+4).
   It protects you from cold.
   It insulates you from electricity.
   It makes you much less stealthy.
 f - the +2 pair of gloves "Cimul" (worn) {*Drain Str+6}
   (Okawaru gifted it to you on level 4 of the Spider Nest)

   It affects your strength (+6).
   It causes draining when unequipped.
 k - +2 gold dragon scales (worn)
 P - the scarf of Altruism (worn) {rN+ Dex+5}
   (You acquired it on level 3 of the Depths)

   It affects your dexterity (+5).
   It protects you from negative energy.
 Q - a +2 pair of boots of running (worn)
 U - the +10 large shield of Ignorance (worn) {rN+ Int-4}
   (You found it on level 2 of the Orcish Mines)

   It affects your intelligence (-4).
   It protects you from negative energy.
 W - the +1 pair of boots "Esistrax" {rN++ MR++ Str-3}
   (You found it in an ice cave)

   It affects your strength (-3).
   It greatly protects you from negative energy.
   It affects your resistance to hostile enchantments.
Jewellery
 q - an uncursed ring of resist corrosion
 G - the ring "Plog" (left hand) {rF+ rN+ Dex+2 Slay+2}
   (You found it on level 3 of the Crypt)

   [ring of positive energy]

   It affects your dexterity (+2).
   It affects your accuracy and damage with ranged weapons and melee attacks
   (+2).
   It protects you from fire.
   It protects you from negative energy.
 I - the amulet of Tusmam (around neck) {Regen+ Str+4 Dex+2}
   (You found it on level 3 of the Crypt)

   [amulet of regeneration]

   It affects your strength (+4).
   It affects your dexterity (+2).
   It increases your rate of regeneration.
 K - the ring of Lyxaq {Wiz MP+9 Str+4}
   (You found it on level 3 of the Elven Halls)

   [ring of wizardry]

   It improves your spell success rate.
   It affects your strength (+4).
   It affects your magic capacity (+9).
 X - the ring of the Coward (right hand) {-Tele rElec rF++ rN+ Int+4}
   (You found it on level 3 of the Crypt)

   [ring of positive energy]

   It affects your intelligence (+4).
   It greatly protects you from fire.
   It insulates you from electricity.
   It protects you from negative energy.
   It prevents most forms of teleportation.
 Z - the ring "Pogryesk" {rElec rC+ MP+9 Int+4}
   (You found it on level 7 of the Iron City of Dis)

   [ring of magical power]

   It affects your intelligence (+4).
   It protects you from cold.
   It insulates you from electricity.
   It affects your magic capacity (+9).
Wands
 m - a wand of iceblast (11/15)
 u - a wand of iceblast (9/15)
 T - a wand of acid (6/15)
Scrolls
 n - 31 scrolls of remove curse
 p - 4 scrolls of magic mapping
 s - 7 scrolls of recharging
 w - 2 scrolls of identify
 z - 5 scrolls of fear
 E - 2 scrolls of holy word
 Y - 13 scrolls of fog
Potions
 d - 2 potions of invisibility
 h - 5 potions of lignification
 j - 9 potions of flight
 l - 33 potions of curing
 x - 12 potions of agility
 C - 7 potions of might
 F - 4 potions of resistance
 J - 11 potions of heal wounds
 L - 10 potions of brilliance
 O - 6 potions of ambrosia
 V - 10 potions of magic
Books
 y - a manual of Translocations
 A - a manual of Earth Magic
 D - a manual of Earth Magic
 M - a manual of Conjurations
 R - a manual of Throwing
Miscellaneous
 c - 4 sacks of spiders
 e - the horn of Geryon
 g - a lightning rod (4/4)
 t - a lamp of fire
 B - 8 phantom mirrors
 S - a phial of floods
Comestibles
 o - 19 meat rations


   Skills:
 * Level 26.1(27) Fighting
 - Level 26.9(27) Axes
 - Level 7.4(24.6) Maces & Flails
   Level 5.2(15.2) Slings
   Level 2.8(7.8) Crossbows
 * Level 12.3(17.6) Throwing
 * Level 17.8(22.8) Armour
 * Level 18.9(23.9) Dodging
 + Level 6.1(11.1) Stealth
 + Level 23.0(27) Shields
 * Level 14.2 Spellcasting
 * Level 5.0 Conjurations
 + Level 7.1 Summonings
 * Level 16.7 Earth Magic
 + Level 6.4 Poison Magic
 + Level 18.1 Invocations
 + Level 16.5 Evocations


You had 4 spell levels left.
You knew the following spells:

 Your Spells              Type           Power        Failure   Level  Hunger
a - Apportation           Tloc           #.....       54%         1    None
b - Cause Fear            Hex            #.........   100%        4    ###....
c - Corona                Hex            #......      54%         1    None
d - Gell's Gravitas       Hex/Tloc       #.........   98%         3    None
e - Venom Bolt            Conj/Pois      ###.......   97%         5    #####..
f - Swiftness             Chrm/Air       #.......     78%         2    None
g - Invisibility          Hex            #.......     100%        6    ######.
h - Aura of Abjuration    Summ           ###.......   80%         5    #####..
i - Regeneration          Chrm/Necr      #.........   98%         3    None
j - Lee's Rapid Deconstr  Erth           #####.....   1%          5    #####..
k - Shatter               Erth           #####.....   100%        9    #######
l - Stone Arrow           Conj/Erth      ####..       1%          3    None
m - Song of Slaying       Chrm           #.......     78%         2    None
n - Infusion              Chrm           #...         54%         1    None


Dungeon Overview and Level Annotations

Branches:
Dungeon (15/15)            Temple (0/1) D:6            Lair (6/6) D:10
  Swamp (4/4) Lair:3       Spider (4/4) Lair:4        Slime (5/5) Lair:6
    Orc (2/2) D:9             Elf (3/3) Orc:2        Vaults (5/5) D:14
  Crypt (3/3) Vaults:3       Tomb (3/3) Crypt:3      Depths (5/5) D:15
   Hell (1/1)                 Dis (7/7) Hell            Geh (1/7) Hell
    Coc (0/7) Hell            Tar (0/7) Hell            Zot (0/5) Depths:5

Altars:
Ashenzari
Cheibriados
Hepliaklqana
Makhleb
Nemelex Xobeh
Okawaru
Qazlal
Sif Muna
Trog
Uskayaw
Xom
Yredelemnul
Zin
The Shining One
Jiyva

Shops:
D:7 =*   D:9 [   D:14 *   Orc:1 [*   Orc:2 *[=(*   Elf:1 ((   Elf:3 [%=
Vaults:2 [=:(*   Vaults:4 [(?*   Vaults:5 ?!!

Portals:
Hell: Depths:1 Depths:2 Depths:3 Depths:4 Depths:5
Abyss: Depths:1 Depths:3 Depths:4
Pandemonium: Depths:1 Depths:3
Ziggurat: Depths:3

Annotations:
Orc:2 1 runed door
Depths:5 6 runed doors


Innate Abilities, Weirdness & Mutations

You cannot be hasted, slowed, berserked, paralysed or teleported.
You can dig through walls and to a lower floor.
Your four strong arms can wield two-handed weapons with a shield.
You have a pair of large antennae on your head. (SInv)
You are partially covered in icy blue scales. (AC +2)
You are partially covered in molten scales. (AC +2)
You possess an exceptional clarity of mind.
Armour fits poorly on your strangely shaped body.
You are resistant to electric shocks. (rElec)


Message History

You cut Asmodeus into ribbons!!!!
You kill Asmodeus!
Okawaru is honoured by your kill.
Your base Fighting skill increases to level 26!
Your base Shields skill increases to level 23!
Your Conjurations skill increases to level 5!
You are engulfed in blazing flames.
You resist.
Something frightening happens.
Your skin glows momentarily.
Okay, then.
A hellion comes into view.
The hellion gives a hideous shriek!
An alligator skeleton comes into view.
You block the hellion's attack.
You hit the hellion.
The hellion is lightly wounded.
You hit the hellion but do no damage. The hellion gestures at you.
The sphere of damnation explodes!
The damnation engulfs you!
You die...

§≈≈≈≈§§≈≈≈≈≈≈≈≈≈≈≈≈≈≈≈≈≈≈≈≈≈≈§§≈≈
≈§§≈≈≈§≈≈≈≈≈≈≈≈≈≈≈≈≈≈≈≈≈≈≈≈≈≈≈≈≈≈
≈{≈#####*************************
{≈######## *## ********
≈≈#......# ##.## *,,,,,,*
≈##......#######...#####**,,,,,,*
##...##...#.§§..........*,,,,,,,*
.+..####..'..)§..#....Z.+,,,,,,,*
##...##...#.§§§.@2......*,,,,,,,*
{##......#######.2.#####**,,,,,,*
v§#......# ##.## *,,,,,,*
≈{######## *## ********
§≈§#####*************************
§≈§≈≈≈≈{§≈≈≈≈≈≈≈≈≈≈≈≈≈≈≈≈≈≈≈≈≈≈≈≈
§≈§≈§§≈§≈≈≈≈≈≈≈≈≈≈≈≈≈≈≈≈≈≈≈≈≈≈≈≈≈
*********************************
*********************************


You could see 2 hellions and an alligator skeleton.

Vanquished Creatures
  Asmodeus (Geh:7)
  the Royal Jelly (Slime:5)
  Dispater (Dis:7)
  Mara (Elf:3)
  2 ancient liches
  The ghost of Yermak the Barachian Blade, a legendary BaAM of Zin (Tomb:2)
  2 juggernauts
  Sojobo (Vaults:2)
  28 greater mummies
  Margery (Vaults:3)
  Frederick (Tomb:3)
  Xtahua (Vaults:5)
  Geryon (Hell)
  7 caustic shrikes
  6 golden dragons
  Saint Roka (Depths:3)
  Jory (Vaults:3)
  A profane servitor (Crypt:3)
  4 Brimstone Fiends (Geh:7)
  4 bone dragons
  A Tzitzimitl (Dis:7)
  8 iron giants
  5 liches
  10 Hell Sentinels (Dis:7)
  10 tentacled monstrosities
  An Ice Fiend (IceCv)
  Asterion (Elf:3)
  2 deep elf master archers (Elf:3)
  2 deep elf blademasters
  14 acid blobs
  5 titans
  2 eldritch tentacles
  A quicksilver dragon (Depths:1)
  12 ancient champions
  8 sphinxes
  Frances (D:12)
  4 shadow dragons
  A tentacled starspawn (WizLab)
  4 thorn hunters
  10 tengu reavers
  Donald (Lair:3)
  10 storm dragons
  3 revenants
  11 azure jellies
  18 fire giants
  15 iron dragons
  14 frost giants
  2 draconian monks (Depths:5)
  2 ghost moths
  3 cacodemons (Dis:7)
  A ghost moth (shapeshifter) (Depths:2)
  22 vault wardens
  2 draconian scorchers
  Louise (Swamp:2)
  11 deep elf sorcerers
  A draconian shifter (WizLab)
  5 curse skulls
  16 balrugs
  7 emperor scorpions
  The ghost of HEYYEYAAE the Basher, a journeyman TrBe of Trog (Lair:1)
  12 deep elf elementalists
  12 ghouls
  20 war gargoyles
  32 very ugly things
  8 reapers
  7 entropy weavers
  30 ironheart preservers
  10 bennus
  27 stone giants
  6 vampire knights
  4 black draconians (Depths:5)
  A green draconian (Depths:5)
  19 deep elf demonologists
  A lorocyproca (Hell)
  6 dire elephants (Lair:6)
  5 yellow draconians (Depths:5)
  2 white draconians (Depths:5)
  14 deep elf annihilators
  2 purple draconians (Depths:5)
  8 spark wasps
  A red draconian (Depths:5)
  A merfolk javelineer (Depths:2)
  5 death oozes
  8 eidola
  3 blizzard demons
  20 ettins
  Josephine (Swamp:1)
  A crystal guardian (Vaults:4)
  8 deep elf high priests
  31 mummy priests
  A green death (Dis:7)
  A quicksilver dragon zombie (Crypt:2)
  18 deep elf death magi
  A merfolk impaler (Depths:3)
  14 great orbs of eyes
  8 fire dragons
  31 yaktaur captains
  11 jiangshi
  Erolcha (D:10)
  32 hydras
  8 rakshasas
  33 vault guards
  A caustic shrike simulacrum (Depths:2)
  3 spriggan air magi
  14 ice dragons
  2 ghost crabs (Swamp:3)
  An anaconda (Lair:6)
  An anaconda (shapeshifter) (Vaults:5)
  10 centaur warriors
  60 two-headed ogres
  20 dancing weapons
  10 death knights
  6 deep troll earth magi
  19 ogre magi
  8 alligators
  A two-headed ogre (shapeshifter) (Vaults:4)
  12 deep troll shamans
  4 tengu warriors
  51 death scarabs
  10 thrashing horrors
  A queen ant (Lair:4)
  4 hell hogs
  A titan zombie (Geh:7)
  7 hell knights
  11 spriggan berserkers
  10 vampire magi
  9 soul eaters
  5 orc high priests
  9 death yaks
  14 sun demons
  30 deep elf knights
  2 wretched stars (Abyss:4)
  A fire crab (shapeshifter) (Vaults:1)
  Sonja (D:15)
  Nergalle (Lair:1)
  6 shadow wraiths
  6 small abominations
  A titan skeleton (Tomb:1)
  2 storm dragon zombies
  28 deep trolls
  2 ghost moth zombies
  2 golden dragon zombies
  8 iron golems
  53 skeletal warriors
  4 anaconda zombies
  18 iron trolls
  3 obsidian statues
  A sixfirhy (WizLab)
  9 swamp dragons
  2 unseen horrors
  2 spriggan druids (Swamp:4)
  18 deep elf archers
  4 shambling mangroves
  7 flayed ghosts
  4 orange crystal statues (Orc:2)
  2 glowing orange brains
  Pikel (D:8)
  A lindwurm (shapeshifter) (Depths:2)
  4 wizards
  18 ironbrand convokers
  A golden dragon skeleton (Geh:1)
  A mana viper (shapeshifter) (Vaults:5)
  7 necromancers
  An anaconda skeleton (Hell)
  21 orc knights
  22 phantasmal warriors
  A harpy (shapeshifter) (Abyss:4)
  2 fire giant zombies
  3 iron dragon zombies
  83 deep elf magi
  14 orb spiders
  3 frost giant zombies
  2 wolf spider zombies
  61 ugly things
  3 manticores
  4 oklob plants
  3 orc sorcerers
  A faun (shapeshifter) (Vaults:5)
  2 stone giant zombies
  28 wolf spiders
  2 shining eyes
  A salamander (shapeshifter) (Vaults:1)
  The ghost of HEYYEYAAE the Skirmisher, a novice TrBe of Trog (D:6)
  7 cyclopes
  4 moths of wrath
  2 worldbinders
  7 black mambas
  3 ice statues
  27 elephants
  20 rust devils
  A shock serpent zombie (Crypt:3)
  A frost giant skeleton (Geh:1)
  2 molten gargoyles (Geh:7)
  21 vault sentinels
  A gargoyle (D:12)
  4 eyes of devastation
  6 hellions
  Joseph (D:10)
  A dire elephant skeleton (Hell)
  2 spriggan skeletons (Depths:1)
  A dire elephant zombie (Crypt:3)
  A torpor snail (Spider:4)
  15 spiny frogs
  6 smoke demons
  3 kobold demonologists
  2 rime drakes (Lair:6)
  5 spectral swamp worms (Depths:1)
  4 komodo dragons
  6 tengu conjurers
  6 centaur skeletons
  A black draconian zombie (Crypt:1)
  A rime drake (shapeshifter) (Vaults:3)
  6 efreet
  10 demonic crawlers
  A yaktaur (shapeshifter) (Depths:5)
  21 freezing wraiths
  106 yaktaurs
  57 guardian mummies
  10 ice devils
  9 red devils
  8 tormentors
  6 hydra zombies
  An ancient zyme (Abyss:4)
  3 anaconda simulacra (IceCv)
  9 tyrant leeches
  A harpy zombie (D:15)
  2 human skeletons
  4 meliai (D:12)
  A golden dragon simulacrum (IceCv)
  35 jumping spiders
  A polar bear (Lair:2)
  Prince Ribbit (Lair:3)
  A jumping spider (shapeshifter) (Elf:3)
  30 hornets
  A queen bee (D:12)
  9 raiju (Abyss:4)
  6 trolls
  2 harpy skeletons
  A tengu simulacrum (Vaults:2)
  34 blink frogs
  A hydra skeleton (Tomb:2)
  A jumping spider zombie (Crypt:2)
  9 bog bodies
  5 ettin zombies
  74 slime creatures
  4 hippogriffs
  2 alligator zombies
  2 fire dragon zombies
  A blink frog (shapeshifter) (Depths:1)
  A hippogriff (shapeshifter) (Abyss:4)
  A slime creature (shapeshifter) (Vaults:3)
  11 air elementals
  An ice dragon zombie (Crypt:3)
  A tarantella zombie (Crypt:1)
  A black mamba zombie (Tomb:2)
  7 shadows
  An ettin skeleton (Crypt:1)
  11 spriggans
  11 flying skulls
  9 large abominations
  63 redbacks
  20 wraiths
  19 tarantellas
  11 water elementals
  A fire dragon skeleton (Tomb:2)
  A tarantella (shapeshifter) (Vaults:2)
  2 redbacks (shapeshifter)
  21 ushabtiu
  3 vampires
  3 dire elephant simulacra (IceCv)
  20 yaks
  Eustachio (D:6)
  3 hogs (D:7)
  A human (D:7)
  A fire bat (Abyss:4)
  2 yaks (shapeshifter)
  4 hungry ghosts
  A ynoxinul (Abyss:4)
  4 basilisks
  6 wyverns
  6 fire elementals
  A golden eye (shapeshifter) (Depths:1)
  3 golden eyes (Slime:4)
  A chaos spawn (Abyss:4)
  20 vampire mosquitoes
  20 swamp worms
  2 neqoxecs (Abyss:4)
  6 insubstantial wisps (Abyss:4)
  4 acid dragons
  3 iron troll simulacra (IceCv)
  6 spatial vortices (WizLab)
  An infernal demonspawn zombie (Crypt:1)
  27 soldier ants (Lair:4)
  3 harpy simulacra
  2 wargs
  5 hydra simulacra (IceCv)
  9 hell hounds
  4 porcupines
  13 water moccasins
  A spiny frog zombie (Geh:1)
  A torturous demonspawn skeleton (WizLab)
  2 spiny frog skeletons (Hell)
  A floating eye (Slime:2)
  A floating eye (shapeshifter) (Depths:2)
  12 swamp drakes
  3 ettin simulacra
  A faun skeleton (Crypt:2)
  16 necrophages
  5 eyes of draining
  5 ice beasts
  52 orc warriors
  2 black bears
  An ice dragon simulacrum (Hell)
  4 sky beasts
  An eye of draining (shapeshifter) (D:14)
  A slave (D:8)
  4 phantoms
  58 ogres
  14 boggarts
  A swamp dragon zombie (Hell)
  8 wolves
  10 centaurs
  A manticore skeleton (Crypt:2)
  A torpor snail zombie (Crypt:2)
  A big kobold (D:9)
  8 crocodiles
  Blork the orc (D:6)
  16 bullfrogs
  An earth elemental (WizLab)
  A water moccasin zombie (D:11)
  4 wyvern skeletons (Crypt:3)
  5 scorpions
  An elephant simulacrum (IceCv)
  8 wights
  44 killer bees
  6 electric eels
  A howler monkey (D:12)
  A troll skeleton (Crypt:1)
  14 starcursed masses (Abyss:4)
  10 crimson imps
  5 centaur zombies
  5 draconian simulacra (IceCv)
  6 jellies
  3 quasits
  12 hounds
  46 orc priests
  Crazy Yiuf (D:3)
  7 iguanas
  24 iron imps
  38 orc wizards
  2 bullfrog skeletons
  A gnoll shaman (D:9)
  38 worker ants
  Natasha (thrice) (D:3)
  2 troll simulacra (IceCv)
  A wolf simulacrum (IceCv)
  3 centaur simulacra (IceCv)
  A crocodile zombie (Crypt:1)
  A dwarf skeleton (Crypt:1)
  5 hound skeletons
  50 mummies
  Robin (D:3)
  A howler monkey zombie (D:9)
  4 worker ant zombies
  11 gnolls
  2 ogre simulacra (IceCv)
  9 adders
  3 naga simulacra
  2 shadow imps
  A swamp drake skeleton (Crypt:2)
  8 white imps
  5 ufetubi (IceCv)
  An adder zombie (D:5)
  A worm (D:2)
  3 dart slugs
  6 leopard geckos
  125 orcs
  A ball python (D:3)
  7 bats
  2 giant cockroaches
  9 hobgoblins
  7 jackals
  5 quokkas
  5 frilled lizards
  A gnoll skeleton (Crypt:1)
  12 goblins
  12 kobolds
  A kobold zombie (Crypt:3)
  A leopard gecko skeleton (D:5)
  An orc skeleton (Crypt:2)
  A quokka zombie (Crypt:2)
  8 rats
  6 crawling corpses
  2 fungi (Lair:4)
  19 plants
  A starspawn tentacle (WizLab)
  5 withered plants (Crypt:3)
3475 creatures vanquished.

Vanquished Creatures (others)
  A lich (Tomb:2)
  An ancient champion (Tomb:2)
  A two-headed ogre (Vaults:3)
  5 death scarabs
  A deep elf knight (Elf:1)
  2 skeletal warriors (Tomb:2)
  A deep elf mage (Vaults:1)
  An orb spider (Spider:2)
  A stone giant zombie (Tomb:2)
  A yaktaur (Depths:1)
  A jumping spider (Spider:1)
  2 ettin zombies (Tomb:2)
  A raiju (Abyss:4)
  A slime creature (Vaults:1)
  A fire dragon skeleton (Tomb:3)
  7 flying skulls (Tomb:2)
  A large abomination (WizLab)
  A fire bat (Abyss:4)
  A small abomination (Abyss:4)
  A spatial vortex (Tomb:1)
  An orc warrior (Vaults:2)
  A slave (D:8)
  A snapping turtle zombie (Tomb:2)
  3 ogres
  A hound (D:8)
  2 iron imps (Dis:7)
  An orc wizard (Elf:1)
  A worker ant (D:6)
  3 mummies
  An orc (Elf:1)
  A jackal (D:6)
  26 plants
  2 starspawn tentacles (WizLab)
76 creatures vanquished.

Grand Total: 3551 creatures vanquished

Notes
Turn   | Place    | Note
-------+----------+-------------------------------------------
     0 | D:1      | slumpy the Formicid Fighter began the quest for the Orb.
     0 | D:1      | Reached XP level 1. HP: 18/18 MP: 1/1
   277 | D:1      | Reached XP level 2. HP: 24/24 MP: 2/2
   880 | D:2      | Found a shattered altar of Ashenzari.
  1204 | D:2      | Reached XP level 3. HP: 29/29 MP: 3/3
  1943 | D:3      | Reached XP level 4. HP: 37/37 MP: 4/4
  2159 | D:3      | Noticed Robin
  2186 | D:3      | Reached skill level 1 in Dodging
  2209 | D:3      | Killed Robin
  2509 | D:2      | Reached skill level 5 in Shields
  2509 | D:2      | Reached XP level 5. HP: 26/42 MP: 5/5
  2638 | D:2      | Noticed a phantom
  2957 | D:3      | Noticed Natasha
  2977 | D:3      | Killed Natasha
  3314 | D:3      | Found a runed door.
  3476 | D:4      | Reached XP level 6. HP: 31/49 MP: 6/6
  4290 | D:4      | Reached skill level 1 in Maces & Flails
  4749 | D:5      | Entered Level 5 of the Dungeon
  4819 | D:5      | Noticed an ogre
  4917 | D:5      | Reached XP level 7. HP: 50/55 MP: 7/7
  5126 | D:5      | Reached skill level 5 in Fighting
  5126 | D:5      | Reached skill level 5 in Armour
  5439 | D:5      | Reached XP level 8. HP: 56/63 MP: 8/8
  5719 | D:5      | Noticed a dagger
  5725 | D:5      | Noticed a dagger
  5756 | D:5      | Found a hide-covered altar of Uskayaw.
  5860 | D:6      | Reached skill level 1 in Throwing
  5938 | D:6      | Noticed HEYYEYAAE's ghost (novice TrBe)
  6468 | D:5      | Gained mutation: Your spells are a little easier to cast, but a little less powerful. [mutagenic meat]
  6469 | D:5      | Gained mutation: You expend magic power (3 MP) to strengthen your wands. [mutagenic meat]
  6831 | D:7      | Reached skill level 5 in Maces & Flails
  6930 | D:7      | Found Yxkoqoyb's Jewellery Shop.
  6983 | D:6      | Reached XP level 9. HP: 42/71 MP: 9/9
  7382 | D:7      | Found a glowing golden altar of the Shining One.
  7721 | D:7      | Found Eeoloeg's Eclectic Emporium.
  7729 | D:7      | Bought a cursed +0 executioner's axe for 77 gold pieces
  7729 | D:7      | Bought a scroll of enchant weapon for 82 gold pieces
  7769 | D:7      | Found a snail-covered altar of Cheibriados.
  7977 | D:8      | Noticed a two-headed ogre
  7988 | D:8      | Killed a two-headed ogre
  8020 | D:8      | Noticed Pikel
  8029 | D:8      | Killed Pikel
  8029 | D:8      | Reached XP level 10. HP: 73/80 MP: 10/10
  8109 | D:8      | Gained mutation: Scrolls take you a little longer to read. [mutagenic meat]
  8110 | D:8      | Gained mutation: Your flesh is cold resistant. (rC+) [mutagenic meat]
  8111 | D:8      | Gained mutation: Your spells are easier to cast, but less powerful. [mutagenic meat]
  8112 | D:8      | Lost mutation: You expend magic power (3 MP) to strengthen your wands. [mutagenic meat]
  8113 | D:8      | Gained mutation: Your mind is acute. (Int +2) [mutagenic meat]
  8123 | D:8      | Found a deep blue altar of Sif Muna.
  8123 | D:8      | Found an iron altar of Okawaru.
  8131 | D:8      | Became a worshipper of Warmaster Okawaru
  8258 | D:8      | Found a basalt altar of Yredelemnul.
  8258 | D:8      | Found a stormy altar of Qazlal.
  8315 | D:8      | Found a hazy altar of Hepliaklqana.
  8607 | D:9      | Reached skill level 5 in Axes
  8643 | D:9      | Found a shimmering altar of Xom.
  8709 | D:9      | Reached * piety under Okawaru
  8746 | D:9      | Found Esishresu's Antique Armour Emporium.
  8819 | D:9      | Found a bloodstained altar of Trog.
  8849 | D:9      | Reached skill level 1 in Stealth
  9001 | D:9      | Reached skill level 1 in Invocations
  9065 | D:9      | Found a staircase to the Orcish Mines.
  9097 | D:9      | Reached ** piety under Okawaru
  9560 | D:6      | Found a staircase to the Ecumenical Temple.
  9662 | D:6      | Noticed Blork the orc
  9669 | D:6      | Killed Blork the orc
  9744 | D:6      | Learned a level 1 spell: Apportation
  9780 | D:6      | Found a shimmering altar of Xom.
  9781 | D:6      | Noticed an angel
  9785 | D:6      | Found a glowing silver altar of Zin.
  9802 | D:6      | Noticed Eustachio
  9829 | D:6      | Killed Eustachio
  9921 | D:6      | Killed HEYYEYAAE's ghost
  9921 | D:6      | Reached XP level 11. HP: 86/87 MP: 10/12
 10139 | D:3      | Noticed Natasha
 10145 | D:3      | Killed Natasha
 10168 | D:3      | Noticed Crazy Yiuf
 10174 | D:3      | Killed Crazy Yiuf
 10317 | D:3      | Noticed Natasha
 10324 | D:3      | Killed Natasha
 10522 | D:10     | Entered Level 10 of the Dungeon
 10522 | D:10     | Noticed Joseph
 10541 | D:10     | Killed Joseph
 10585 | D:10     | Noticed Erolcha
 10592 | D:10     | Killed Erolcha
 10618 | D:10     | Noticed a two-headed ogre
 10630 | D:10     | Reached *** piety under Okawaru
 10631 | D:10     | Killed a two-headed ogre
 11033 | D:10     | Reached **** piety under Okawaru
 11183 | D:10     | Found a burning altar of Makhleb.
 11497 | D:10     | Reached skill level 10 in Fighting
 11584 | D:10     | Found a staircase to the Lair.
 11914 | D:11     | Reached skill level 5 in Stealth
 11918 | D:11     | Received a gift from Okawaru
 11962 | D:11     | Noticed a six-headed hydra
 12106 | D:7      | Bought a potion of experience for 550 gold pieces
 12162 | D:7      | Reached XP level 12. HP: 96/97 MP: 15/15
 12162 | D:7      | Reached XP level 13. HP: 102/103 MP: 16/16
 12171 | D:7      | Reached ***** piety under Okawaru
 12331 | Lair:1   | Entered Level 1 of the Lair of Beasts
 12331 | Lair:1   | Noticed Nergalle
 12338 | Lair:1   | Killed Nergalle
 12556 | Lair:1   | Reached skill level 5 in Invocations
 12557 | Lair:1   | Noticed a four-headed hydra
 12572 | Lair:1   | Killed a four-headed hydra
 12953 | Lair:1   | Reached skill level 10 in Shields
 13436 | Lair:1   | Noticed HEYYEYAAE's ghost (journeyman TrBe)
 13455 | Lair:1   | Killed HEYYEYAAE's ghost
 13636 | Orc:1    | Entered Level 1 of the Orcish Mines
 13705 | Orc:1    | Received a gift from Okawaru
 13729 | Orc:1    | Reached skill level 10 in Axes
 13771 | Orc:1    | Found Hifudomnue's Antique Armour Shop.
 13945 | Orc:1    | Found Catir's General Store.
 14188 | Orc:2    | Entered Level 2 of the Orcish Mines
 14254 | Orc:2    | Found Uryabror's Assorted Antiques.
 15055 | Orc:2    | Received a gift from Okawaru
 15415 | Orc:2    | Found Yssick's Assorted Antiques.
 15415 | Orc:2    | Found Biquseer's Jewellery Boutique.
 15427 | Orc:2    | Found Warch's Antique Armour Shop.
 15427 | Orc:2    | Found Suof's Antique Weapon Boutique.
 15464 | Orc:2    | Bought a pair of polished boots for 256 gold pieces
 15474 | Orc:2    | Identified the +0 pair of boots of Ydezxoekk {rElec Str+4} (You bought it in a shop on level 2 of the Orcish Mines)
 15475 | Orc:2    | Bought a shiny shield for 202 gold pieces
 15486 | Orc:2    | Bought a pair of glowing gloves for 202 gold pieces
 15573 | Orc:2    | Found a staircase to the Elven Halls.
 15586 | Orc:2    | Found a runed door.
 15689 | Orc:2    | Found a runed door.
 16312 | Lair:2   | Reached XP level 14. HP: 113/113 MP: 19/19
 16478 | Lair:2   | Received a gift from Okawaru
 16899 | Lair:3   | Noticed Prince Ribbit
 16911 | Lair:3   | Killed Prince Ribbit
 16965 | Lair:3   | Found a staircase to the Swamp.
 17346 | Lair:4   | Learned a level 4 spell: Cause Fear
 17348 | Lair:4   | Learned a level 1 spell: Corona
 17402 | Lair:4   | Noticed an entropy weaver
 17429 | Lair:4   | Killed an entropy weaver
 17447 | Lair:4   | Noticed an entropy weaver
 17477 | Lair:4   | Killed an entropy weaver
 17549 | Lair:4   | Reached ****** piety under Okawaru
 17565 | Lair:4   | Learned a level 3 spell: Gell's Gravitas
 17606 | Lair:4   | Received a gift from Okawaru
 17708 | Lair:4   | Found a hole to the Spider Nest.
 17716 | Lair:4   | Received a gift from Okawaru
 18356 | Lair:5   | Reached XP level 15. HP: 102/122 MP: 22/22
 18505 | Lair:5   | Reached skill level 10 in Invocations
 19002 | Lair:6   | Entered Level 6 of the Lair of Beasts
 19150 | Lair:6   | Reached skill level 1 in Crossbows
 19274 | Lair:6   | Received a gift from Okawaru
 19459 | Lair:6   | Found a staircase to the Slime Pits.
 19737 | Lair:6   | Identified a scroll of acquirement
 19779 | Lair:6   | Learned a level 5 spell: Venom Bolt
 20325 | Lair:6   | Reached skill level 1 in Poison Magic
 20467 | Lair:6   | Reached skill level 1 in Spellcasting
 21304 | Lair:6   | Reached XP level 16. HP: 126/130 MP: 24/24
 21455 | Swamp:1  | Entered Level 1 of the Swamp
 21466 | Swamp:1  | Received a gift from Okawaru
 21708 | Swamp:1  | Noticed a thorn hunter
 21745 | Swamp:1  | Found a hide-covered altar of Uskayaw.
 21752 | Swamp:1  | Got a jewelled fustibalus
 21761 | Swamp:1  | Killed a thorn hunter
 21768 | Swamp:1  | Identified the +11 fustibalus "Kaofudou" {speed, -Tele rF+ MP+9 Dex+4} (You found it on level 1 of the Swamp)
 21783 | Swamp:1  | Noticed Donald
 21816 | Lair:3   | Killed Donald
 22081 | Swamp:1  | Noticed Josephine
 22095 | Swamp:1  | Killed Josephine
 22824 | Swamp:2  | Reached skill level 1 in Slings
 22862 | Swamp:2  | Reached skill level 5 in Poison Magic
 22890 | Swamp:2  | Found a frozen archway.
 22915 | IceCv    | Entered an ice cave
 23039 | IceCv    | Received a gift from Okawaru
 23567 | IceCv    | Noticed an Ice Fiend
 23594 | IceCv    | HP: 1/131 [Ice Fiend (16)]
 23599 | IceCv    | Killed an Ice Fiend
 23766 | IceCv    | Got an ancient copper ring
 23769 | IceCv    | Got a pair of translucent boots
 23773 | IceCv    | Learned a level 2 spell: Swiftness
 23783 | IceCv    | Identified the +1 pair of boots "Esistrax" {rN++ MR++ Str-3} (You found it in an ice cave)
 23793 | IceCv    | Identified the ring "Caubleik" {rPois rC- MR+ Slay+2 Stlth-} (You found it in an ice cave)
 24082 | Swamp:2  | Learned a level 6 spell: Invisibility
 25310 | Swamp:2  | Noticed Louise
 25327 | Swamp:2  | Killed Louise
 25921 | Swamp:3  | Reached XP level 17. HP: 138/138 MP: 25/25
 26088 | Swamp:3  | Received a gift from Okawaru
 26754 | Swamp:4  | Entered Level 4 of the Swamp
 27014 | Swamp:4  | Reached skill level 15 in Axes
 27016 | Swamp:4  | Noticed a thorn hunter
 27043 | Swamp:4  | Killed a thorn hunter
 28012 | Swamp:4  | Noticed a thorn hunter
 28326 | Swamp:4  | Killed a thorn hunter
 28421 | Swamp:4  | Received a gift from Okawaru
 28535 | Swamp:4  | Noticed a thorn hunter
 28557 | Swamp:3  | Killed a thorn hunter
 28866 | Swamp:4  | Got a decaying rune of Zot
 28898 | Swamp:4  | Reached XP level 18. HP: 119/147 MP: 27/27
 29352 | Spider:1 | Entered Level 1 of the Spider Nest
 29604 | Spider:1 | Reached skill level 5 in Slings
 31040 | Spider:2 | Reached skill level 15 in Fighting
 31586 | Spider:1 | Received a gift from Okawaru
 32923 | Spider:4 | Entered Level 4 of the Spider Nest
 33593 | Spider:4 | Received a gift from Okawaru
 33892 | Spider:4 | Received a gift from Okawaru
 33895 | Spider:4 | Got a pair of encrusted gloves {god gift}
 33939 | Spider:4 | Reached skill level 5 in Spellcasting
 33939 | Spider:4 | Reached XP level 19. HP: 101/155 MP: 29/29
 33956 | Spider:3 | Identified the +2 pair of gloves "Cimul" {*Drain Str+6} (Okawaru gifted it to you on level 4 of the Spider Nest)
 34386 | Spider:4 | Learned a level 5 spell: Aura of Abjuration
 34584 | Spider:4 | Got a gossamer rune of Zot
 35076 | Orc:1    | Bought 2 poisoned javelins for 44 gold pieces
 35886 | D:11     | Reached skill level 1 in Summonings
 36727 | D:12     | Noticed Frances
 36747 | D:12     | Killed Frances
 37865 | D:13     | Received a gift from Okawaru
 38487 | D:14     | Received a gift from Okawaru
 38499 | D:14     | Found a hide-covered altar of Uskayaw.
 38797 | D:14     | Found Fuarap's Assorted Antiques.
 38988 | D:14     | Found a gate to the Vaults.
 39167 | D:15     | Entered Level 15 of the Dungeon
 39359 | D:15     | Noticed Sonja
 39368 | D:15     | Killed Sonja
 39368 | D:15     | Reached XP level 20. HP: 165/165 MP: 22/30
 39679 | D:15     | Reached skill level 10 in Armour
 40015 | D:15     | Found a staircase to the Depths.
 40102 | Vaults:1 | Entered Level 1 of the Vaults
 40437 | Vaults:1 | Reached skill level 5 in Summonings
 40505 | Vaults:1 | Gained mutation: You regenerate slowly when monsters are visible. [a neqoxec]
 40529 | Vaults:1 | Reached skill level 15 in Shields
 40531 | Vaults:1 | Received a gift from Okawaru
 41360 | Vaults:1 | Received a gift from Okawaru
 41785 | Vaults:2 | Found Camedenk's Weapon Boutique.
 41790 | Vaults:2 | Found Yrhif's General Store.
 41793 | Vaults:2 | Bought 2 potions of heal wounds for 160 gold pieces
 41793 | Vaults:2 | Bought a scroll of enchant armour for 120 gold pieces
 41802 | Vaults:2 | Found Ceduvufe's Book Emporium.
 41807 | Vaults:2 | Found Yngey's Jewellery Emporium.
 41815 | Vaults:2 | Reached XP level 21. HP: 174/174 MP: 33/33
 41820 | Vaults:2 | Noticed Sojobo
 41867 | Vaults:2 | Killed Sojobo
 42296 | Lair:1   | Learned a level 3 spell: Regeneration
 42302 | Lair:1   | Learned a level 5 spell: Lee's Rapid Deconstruction
 42477 | Slime:1  | Entered Level 1 of the Pits of Slime
 42806 | Slime:3  | Gained mutation: You are frail. (-10% HP) [a shining eye]
 42867 | Slime:5  | Entered Level 5 of the Pits of Slime
 42878 | Slime:5  | Received a gift from Okawaru
 42954 | Slime:4  | Gained mutation: Your magical capacity is low. (-10% MP) [a shining eye]
 42956 | Slime:4  | Gained mutation: Armour fits poorly on your strangely shaped body. [a shining eye]
 43041 | Slime:5  | Found a viscous altar of Jiyva.
 43042 | Slime:5  | Noticed the Royal Jelly
 43063 | Slime:5  | Killed the Royal Jelly
 43901 | Slime:4  | Reached skill level 10 in Dodging
 44196 | Slime:5  | Reached XP level 22. HP: 118/164 MP: 31/31
 44344 | Slime:5  | Got a crude iron amulet
 44347 | Slime:5  | Identified the amulet "Ceweo" {+Rage rElec} (You found it on level 5 of the Pits of Slime)
 44351 | Slime:5  | Identified Sif Muna's Papyrus of the Earthen Voyage
 44421 | Slime:5  | Identified the +1 fire dragon scales "Hacet" {rF++ rC- MR+ Int+3} (You found it on level 5 of the Pits of Slime)
 44446 | Slime:5  | Got a slimy rune of Zot
 44699 | Lair:1   | Lost mutation: Your mind is acute. (Int +2) [potion of mutation]
 44699 | Lair:1   | Lost mutation: You are frail. (-10% HP) [potion of mutation]
 44699 | Lair:1   | Lost mutation: Your magical capacity is low. (-10% MP) [potion of mutation]
 44699 | Lair:1   | Lost mutation: You regenerate slowly when monsters are visible. [potion of mutation]
 44699 | Lair:1   | Lost mutation: Your spells are easier to cast, but less powerful. [potion of mutation]
 44699 | Lair:1   | Gained mutation: You are agile. (Dex +2) [potion of mutation]
 44699 | Lair:1   | Gained mutation: You are surrounded by a mild repulsion field. (EV +2) [potion of mutation]
 44699 | Lair:1   | Lost mutation: Your spells are a little easier to cast, but a little less powerful. [potion of mutation]
 44700 | Lair:1   | Lost mutation: Armour fits poorly on your strangely shaped body. [potion of mutation]
 44700 | Lair:1   | Lost mutation: Scrolls take you a little longer to read. [potion of mutation]
 44700 | Lair:1   | Lost mutation: Your flesh is cold resistant. (rC+) [potion of mutation]
 44700 | Lair:1   | Lost mutation: You are agile. (Dex +2) [potion of mutation]
 44700 | Lair:1   | Lost mutation: You are surrounded by a mild repulsion field. (EV +2) [potion of mutation]
 44700 | Lair:1   | Gained mutation: You are frail. (-10% HP) [potion of mutation]
 44700 | Lair:1   | Lost mutation: You are frail. (-10% HP) [potion of mutation]
 44700 | Lair:1   | Gained mutation: You are partially covered in molten scales. (AC +2) [potion of mutation]
 44700 | Lair:1   | Gained mutation: You are resistant to electric shocks. (rElec) [potion of mutation]
 44924 | Elf:1    | Entered Level 1 of the Elven Halls
 45033 | Elf:1    | Gained mutation: Your body sometimes deteriorates upon taking damage. [a neqoxec]
 45038 | Elf:1    | Received a gift from Okawaru
 45039 | Elf:1    | Identified the +7 dire flail of Mandamus {crush, +Inv} (Okawaru gifted it to you on level 1 of the Elven Halls)
 45368 | Elf:1    | Found Yvarrue's Antique Weapon Shoppe.
 45483 | Elf:1    | Found Gesadde's Antique Weapon Emporium.
 45898 | Elf:1    | Gained mutation: Your magical capacity is low. (-10% MP) [a cacodemon]
 46199 | Elf:2    | Reached skill level 1 in Evocations
 46207 | Elf:2    | Received a gift from Okawaru
 46492 | Elf:2    | Found a runed gate.
 46492 | Elf:2    | Found a runed gate.
 46492 | Elf:2    | Found a runed gate.
 46756 | Elf:2    | Cast into level 4 of the Abyss (short sword of distortion)
 46782 | Abyss:4  | Reached skill level 10 in Spellcasting
 46957 | Abyss:4  | Gained mutation: Your spells are a little easier to cast, but a little less powerful. [a neqoxec]
 47038 | Abyss:4  | Noticed a bone dragon
 47047 | Abyss:4  | Killed a bone dragon
 47121 | Elf:2    | Escaped the Abyss
 47402 | Elf:2    | Reached XP level 23. HP: 154/192 MP: 29/33
 47431 | Elf:2    | Received a gift from Okawaru
 47735 | Elf:3    | Entered Level 3 of the Elven Halls
 47758 | Elf:3    | Found Zyagg's Food Shoppe.
 47764 | Elf:3    | Found Unomiu's Jewellery Shoppe.
 47920 | Elf:3    | Noticed Mara
 47921 | Elf:3    | Noticed slumpy's illusion
 47944 | Elf:3    | Killed Mara
 47944 | Elf:3    | Received a gift from Okawaru
 48092 | Elf:3    | Noticed Asterion
 48108 | Elf:3    | Reached skill level 5 in Evocations
 48129 | Elf:3    | Killed Asterion
 48281 | Elf:3    | Lost mutation: Your magical capacity is low. (-10% MP) [potion of mutation]
 48281 | Elf:3    | Lost mutation: Your body sometimes deteriorates upon taking damage. [potion of mutation]
 48281 | Elf:3    | Lost mutation: Your spells are a little easier to cast, but a little less powerful. [potion of mutation]
 48281 | Elf:3    | Gained mutation: Armour fits poorly on your strangely shaped body. [potion of mutation]
 48281 | Elf:3    | Gained mutation: You possess an exceptional clarity of mind. [potion of mutation]
 48281 | Elf:3    | Gained mutation: You are partially covered in icy blue scales. (AC +2) [potion of mutation]
 48316 | Elf:3    | Learned a level 9 spell: Shatter
 48513 | Elf:3    | Got a vibrating silver ring
 48514 | Elf:3    | Identified the ring of Lyxaq {Wiz MP+9 Str+4} (You found it on level 3 of the Elven Halls)
 48523 | Elf:3    | Got an encrusted buckler
 48535 | Elf:3    | Identified the +2 buckler "Fitie" {Dex+4} (You found it on level 3 of the Elven Halls)
 48951 | Elf:3    | Found Ipaogrib's Armour Boutique.
 49507 | Orc:2    | Lost intelligence.
 50020 | D:7      | Bought a scroll of enchant armour for 82 gold pieces
 50020 | D:7      | Bought a wand of enslavement (17/24) for 209 gold pieces
 50020 | D:7      | Bought a manual of Earth Magic for 1214 gold pieces
 50339 | Vaults:2 | Received a gift from Okawaru
 50339 | Vaults:2 | Reached skill level 1 in Earth Magic
 50581 | Vaults:2 | Reached XP level 24. HP: 126/201 MP: 38/38
 50768 | Vaults:2 | Found Guseg's Armour Shop.
 51433 | Vaults:2 | Reached XP level 25. HP: 180/208 MP: 38/38
 51632 | Vaults:3 | Noticed Jory
 51658 | Vaults:3 | Killed Jory
 51918 | Vaults:3 | Found a staircase to the Crypt.
 51923 | Vaults:3 | Reached skill level 5 in Earth Magic
 51923 | Vaults:3 | Reached skill level 15 in Invocations
 51975 | Vaults:3 | Received a gift from Okawaru
 52296 | Vaults:3 | Learned a level 3 spell: Stone Arrow
 52350 | Vaults:3 | Received a gift from Okawaru
 52413 | Vaults:3 | Identified Sif Muna's Disquisition on Warped Stones
 52763 | Vaults:3 | Noticed Margery
 52793 | Vaults:3 | Killed Margery
 52793 | Vaults:3 | Received a gift from Okawaru
 52867 | Vaults:3 | Got a steaming battleaxe {god gift}
 52868 | Vaults:3 | Identified the +10 battleaxe of Anxiety {drain, rN+} (Okawaru gifted it to you on level 3 of the Vaults)
 53760 | D:7      | Bought a manual of Evocations for 1214 gold pieces
 54175 | Vaults:3 | Found a portal to a secret trove of treasure.
 54185 | Vaults:3 | Reached XP level 26. HP: 202/216 MP: 39/39
 54314 | Vaults:4 | Found Wieffeh's Magic Scroll Shoppe.
 54322 | Vaults:4 | Bought a scroll of identify for 26 gold pieces
 54322 | Vaults:4 | Bought a scroll of identify for 26 gold pieces
 54322 | Vaults:4 | Bought a scroll of enchant weapon for 97 gold pieces
 54322 | Vaults:4 | Bought a scroll of enchant armour for 97 gold pieces
 54352 | Vaults:4 | Received a gift from Okawaru
 54365 | Vaults:4 | Found Joerph's Antique Armour Shop.
 54728 | Vaults:4 | Received a gift from Okawaru
 55031 | Vaults:4 | Received a gift from Okawaru
 55399 | Vaults:4 | Found Jedghaquu's General Store.
 55415 | Vaults:4 | Found Opuese Neqi's Antique Weapon Shop.
 55427 | Vaults:4 | Bought a scroll of identify for 30 gold pieces
 55729 | Crypt:1  | Entered Level 1 of the Crypt
 55830 | Crypt:1  | Found a magical portal.
 55853 | Crypt:1  | Learned a level 2 spell: Song of Slaying
 55855 | Crypt:1  | Learned a level 1 spell: Infusion
 55890 | WizLab   | Entered The Roulette of Golubria
 55895 | WizLab   | Found a corrupted altar of Lugonu.
 55928 | WizLab   | Found a corrupted altar of Lugonu.
 56124 | WizLab   | Identified Golubria's Volume of the Compass
 56211 | WizLab   | Found a corrupted altar of Lugonu.
 56561 | WizLab   | Received a gift from Okawaru
 56656 | WizLab   | Got a distressingly furry cloak
 56657 | WizLab   | Identified the cursed +0 cloak of Gehenna {rElec Dex+4} (You found it in a wizard's laboratory)
 57057 | Crypt:1  | Reached XP level 27. HP: 224/224 MP: 39/39
 57547 | Crypt:2  | Reached skill level 10 in Evocations
 58795 | Crypt:2  | Noticed a greater mummy
 58806 | Crypt:2  | Killed a greater mummy
 59045 | Crypt:2  | Noticed a greater mummy
 59054 | Crypt:2  | Killed a greater mummy
 59388 | Crypt:3  | Entered Level 3 of the Crypt
 59569 | Crypt:3  | Received a gift from Okawaru
 59581 | Crypt:3  | Identified the +4 scale mail "Plog" {rElec SInv} (Okawaru gifted it to you on level 3 of the Crypt)
 59775 | Crypt:3  | Found a basalt altar of Yredelemnul.
 59971 | Crypt:3  | Identified Mux Ifuf's Papyrus of Congealing Confrontation
 59975 | Crypt:3  | Got a wavering zirconium amulet
 59976 | Crypt:3  | Identified the amulet "Hopaigoq" {+Fly Regen+} (You found it on level 3 of the Crypt)
 59981 | Crypt:3  | Identified the Papyrus of Flying Companions
 60046 | Crypt:3  | Got a brightly glowing silver amulet
 60047 | Crypt:3  | Identified the ring of the Coward {-Tele rElec rF++ rN+ Int+4} (You found it on level 3 of the Crypt)
 60048 | Crypt:3  | Identified the ring "Plog" {rF+ rN+ Dex+2 Slay+2} (You found it on level 3 of the Crypt)
 60049 | Crypt:3  | Identified the amulet of Tusmam {Regen+ Str+4 Dex+2} (You found it on level 3 of the Crypt)
 60448 | Crypt:3  | Found a staircase to the Tomb.
 61191 | Crypt:3  | Identified Kuexti's Disquisition on Stolen Souls
 61716 | D:7      | Bought the ring of Morak {rPois rC+ rN+ Int-4 Stlth+} for 504 gold pieces
 61974 | Vaults:5 | Entered Level 5 of the Vaults
 61988 | Vaults:5 | Received a gift from Okawaru
 62168 | Vaults:5 | Noticed Xtahua
 62180 | Vaults:5 | Killed Xtahua
 62243 | Vaults:5 | Got a crude lead ring
 62245 | Vaults:5 | Identified the ring "Gobuymm" {Ice *Contam +Inv rN++ Str+2} (You took it off a deep elf high priest on level 5 of the Vaults)
 62290 | Vaults:5 | Received a gift from Okawaru
 62826 | Vaults:5 | Received a gift from Okawaru
 62904 | Vaults:5 | Identified Beusmudi's Tome of Flamy Cold
 62915 | Vaults:5 | Identified the Collected Works on the Vitriolic Voyage
 63026 | Vaults:5 | Received a gift from Okawaru
 63065 | Vaults:5 | Noticed an ancient lich
 63077 | Vaults:5 | Killed an ancient lich
 63194 | Vaults:5 | Found Ritzy's Magic Scroll Boutique.
 63220 | Vaults:5 | Got a silver rune of Zot
 63676 | Vaults:5 | Found Lilisuj's Distillery.
 63681 | Vaults:5 | Bought a potion of heal wounds for 65 gold pieces
 63681 | Vaults:5 | Bought a potion of might for 52 gold pieces
 63759 | Vaults:5 | Found Heiqum's Distillery.
 63763 | Vaults:5 | Bought a potion of agility for 60 gold pieces
 63763 | Vaults:5 | Bought 2 potions of agility for 120 gold pieces
 63763 | Vaults:5 | Bought a potion of might for 60 gold pieces
 63763 | Vaults:5 | Bought a potion of might for 60 gold pieces
 63763 | Vaults:5 | Bought a potion of resistance for 150 gold pieces
 63763 | Vaults:5 | Bought a potion of agility for 60 gold pieces
 63763 | Vaults:5 | Bought a potion of lignification for 45 gold pieces
 63763 | Vaults:5 | Bought a potion of lignification for 45 gold pieces
 63779 | Vaults:5 | Bought a potion of lignification for 39 gold pieces
 63779 | Vaults:5 | Bought 2 potions of invisibility for 208 gold pieces
 63779 | Vaults:5 | Bought a potion of lignification for 39 gold pieces
 63845 | Vaults:5 | Bought a scroll of fear for 42 gold pieces
 63845 | Vaults:5 | Bought a scroll of enchant armour for 90 gold pieces
 63845 | Vaults:5 | Bought a scroll of identify for 24 gold pieces
 63845 | Vaults:5 | Bought a scroll of enchant armour for 90 gold pieces
 63845 | Vaults:5 | Bought a scroll of identify for 24 gold pieces
 63847 | Vaults:5 | Bought a scroll of torment for 90 gold pieces
 63848 | Vaults:5 | Bought a scroll of brand weapon for 240 gold pieces
 63917 | Vaults:3 | You paid a toll of +3 storm dragon scales to enter a treasure trove
 63918 | Trove    | Entered a treasure trove
 63939 | Trove    | Got a scorched copper amulet
 63942 | Trove    | Got a slimy bone amulet
 64032 | Vaults:3 | Identified the amulet "Zuokkes" {Harm *Drain +Fly Dex+2} (You found it in a treasure trove)
 64034 | Vaults:3 | Identified the amulet of Okawaru's Wrath {Inacc rPois rC- Int+3} (You found it in a treasure trove)
 64392 | Tomb:1   | Entered Level 1 of the Tomb of the Ancients
 64629 | Tomb:1   | Received a gift from Okawaru
 64871 | Tomb:1   | Noticed a greater mummy
 64884 | Tomb:1   | Noticed a greater mummy
 64891 | Tomb:1   | Killed a greater mummy
 64910 | Tomb:1   | Killed a greater mummy
 65293 | Tomb:2   | Noticed a greater mummy
 65296 | Tomb:2   | Noticed an ancient lich
 65469 | Tomb:2   | Noticed a greater mummy
 65471 | Tomb:2   | Noticed a greater mummy
 65764 | Tomb:1   | Killed a greater mummy
 65817 | Tomb:1   | Killed a greater mummy
 66106 | Tomb:2   | Noticed Yermak's ghost (legendary BaAM)
 66276 | Tomb:1   | Killed an ancient lich
 66276 | Tomb:1   | Received a gift from Okawaru
 66276 | Tomb:1   | Reached skill level 15 in Evocations
 66402 | Tomb:1   | Killed a greater mummy
 66583 | Tomb:2   | Killed Yermak's ghost
 66995 | Tomb:2   | Reached skill level 15 in Dodging
 67030 | Tomb:2   | Received a gift from Okawaru
 67261 | Tomb:1   | Noticed a greater mummy
 67262 | Tomb:1   | Noticed a greater mummy
 67402 | Tomb:1   | Killed a greater mummy
 67404 | Tomb:1   | Killed a greater mummy
 67408 | Tomb:1   | Noticed a greater mummy
 67413 | Tomb:1   | Killed a greater mummy
 67415 | Tomb:1   | Noticed a greater mummy
 67572 | Tomb:1   | Killed a greater mummy
 67717 | Tomb:1   | Noticed a greater mummy
 67795 | Tomb:1   | Killed a greater mummy
 67940 | Tomb:1   | Noticed a greater mummy
 67940 | Tomb:1   | Noticed a greater mummy
 68019 | Tomb:1   | Killed a greater mummy
 68036 | Tomb:1   | Killed a greater mummy
 68465 | Tomb:1   | Noticed a greater mummy
 68630 | Tomb:1   | Killed a greater mummy
 68902 | Tomb:1   | Noticed a greater mummy
 68944 | Tomb:1   | Killed a greater mummy
 69087 | Tomb:1   | Noticed a greater mummy
 69146 | Tomb:1   | Killed a greater mummy
 69212 | Tomb:1   | Noticed a greater mummy
 69249 | Tomb:1   | Killed a greater mummy
 69479 | Tomb:1   | Noticed a greater mummy
 69507 | Tomb:1   | Killed a greater mummy
 70189 | Tomb:3   | Entered Level 3 of the Tomb of the Ancients
 70203 | Tomb:3   | Received a gift from Okawaru
 70215 | Tomb:3   | Received a gift from Okawaru
 70324 | Tomb:3   | Noticed a greater mummy
 70325 | Tomb:3   | Noticed a greater mummy
 70326 | Tomb:3   | Noticed a greater mummy
 70454 | Tomb:3   | Noticed a greater mummy
 70487 | Tomb:2   | Killed a greater mummy
 70489 | Tomb:2   | Killed a greater mummy
 70562 | Tomb:3   | Noticed a greater mummy
 70692 | Tomb:3   | Noticed a greater mummy
 70699 | Tomb:2   | Killed a greater mummy
 71031 | Tomb:2   | Killed a greater mummy
 71034 | Tomb:2   | Killed a greater mummy
 71295 | Tomb:3   | Noticed a greater mummy
 71295 | Tomb:3   | Noticed a greater mummy
 71414 | Tomb:3   | Noticed a greater mummy
 71864 | Tomb:2   | Killed a greater mummy
 72042 | Tomb:2   | Killed a greater mummy
 72226 | Tomb:2   | Killed a greater mummy
 72226 | Tomb:2   | Received a gift from Okawaru
 72730 | Tomb:3   | Killed a greater mummy
 72852 | Tomb:3   | Got a golden rune of Zot
 72855 | Tomb:3   | Identified the +6 double sword "Lidin" {protect, Str+3 Int+3} (You found it on level 3 of the Tomb of the Ancients)
 72899 | Tomb:3   | Noticed Frederick
 72907 | Tomb:3   | Killed Frederick
 73004 | Tomb:3   | Identified a +2 pair of boots of running (You found it on level 3 of the Tomb of the Ancients)
 73034 | Tomb:3   | Identified the ring "Adoyly" {rPois rF- Int+4 Dex+7 SInv} (You found it on level 3 of the Tomb of the Ancients)
 73364 | Tomb:3   | Identified The Foundations of Magic
 73407 | Tomb:3   | Upgraded the game from 0.20-a0-640-g62ed22f to 0.20-a0-641-g673355a
 74942 | Depths:1 | Entered Level 1 of the Depths
 74988 | Depths:1 | Found a gateway to Hell.
 75380 | Depths:1 | Received a gift from Okawaru
 75380 | Depths:1 | Reached skill level 15 in Armour
 75410 | Depths:1 | Identified the +5 dire flail "Nuysutir" {crush, +Fly Str+2 Int+4} (You took it off a yaktaur on level 1 of the Depths)
 75569 | Depths:1 | Identified the Grimoire of Boosting Poisoning
 75681 | Depths:1 | Found a one-way gate leading to the halls of Pandemonium.
 76196 | Depths:1 | Found a one-way gate to the infinite horrors of the Abyss.
 76314 | Depths:2 | Received a gift from Okawaru
 76888 | Depths:2 | Received a gift from Okawaru
 77300 | Depths:3 | Reached skill level 10 in Earth Magic
 77364 | Depths:3 | Received a gift from Okawaru
 77481 | Depths:3 | Noticed Saint Roka
 77500 | Depths:3 | Killed Saint Roka
 77544 | Depths:3 | Found a gateway to a ziggurat.
 77585 | Depths:3 | Received a gift from Okawaru
 77715 | Depths:3 | Identified Tonyitibb's Reference Book on Arcane Weapons and Clay
 77728 | Depths:3 | Identified the +4 great mace of Extremism {freeze, rElec Dex+4} (You found it on level 3 of the Depths)
 78028 | Depths:3 | Got an encrusted scarf
 78034 | Depths:3 | Identified the scarf of Altruism {rN+ Dex+5} (You acquired it on level 3 of the Depths)
 79022 | Depths:4 | Received a gift from Okawaru
 79057 | Depths:4 | Noticed a juggernaut
 79073 | Depths:4 | Killed a juggernaut
 79073 | Depths:4 | Reached skill level 5 in Throwing
 79110 | Depths:4 | Received a gift from Okawaru
 79433 | Depths:4 | Received a gift from Okawaru
 79765 | Depths:5 | Entered Level 5 of the Depths
 79867 | Depths:5 | Found a sparkling altar of Nemelex Xobeh.
 80047 | Depths:5 | Received a gift from Okawaru
 80243 | Depths:5 | Found a runed door.
 80243 | Depths:5 | Found a runed door.
 80252 | Depths:5 | Noticed a juggernaut
 80270 | Depths:5 | Killed a juggernaut
 80393 | Depths:5 | Received a gift from Okawaru
 80449 | Depths:5 | Found a runed door.
 80449 | Depths:5 | Found a runed door.
 80593 | Depths:5 | Found a shattered altar of Ashenzari.
 80735 | Depths:5 | Found a runed door.
 80736 | Depths:5 | Found a gate to the Realm of Zot.
 80774 | Depths:5 | Found a runed door.
 81109 | Hell     | Entered the Vestibule of Hell
 81117 | Hell     | Noticed Geryon
 81137 | Hell     | Killed Geryon
 81459 | Hell     | Found a gateway to the Iron City of Dis.
 81621 | Hell     | Found a gateway to the ashen valley of Gehenna.
 81671 | Hell     | Found a gateway to the decaying netherworld of Tartarus.
 81745 | Hell     | Reached skill level 10 in Throwing
 81747 | Hell     | Found a gateway to the freezing wastes of Cocytus.
 81844 | Dis:1    | Entered Level 1 of the Iron City of Dis
 81956 | Dis:1    | You fall through a shaft!
 81959 | Dis:2    | You fall through a shaft for 2 floors!
 81962 | Dis:4    | You fall through a shaft for 2 floors!
 81965 | Dis:6    | You fall through a shaft!
 81965 | Dis:7    | Entered Level 7 of the Iron City of Dis
 82174 | Dis:7    | Received a gift from Okawaru
 82176 | Dis:7    | Reached skill level 15 in Earth Magic
 82387 | Dis:7    | Received a gift from Okawaru
 82715 | Dis:7    | Received a gift from Okawaru
 82782 | Dis:7    | Identified the ring "Pogryesk" {rElec rC+ MP+9 Int+4} (You found it on level 7 of the Iron City of Dis)
 82786 | Dis:7    | Identified the +9 plate armour "Yhu Tod" {Dex+3 SInv} (You found it on level 7 of the Iron City of Dis)
 82813 | Dis:7    | Noticed Dispater
 82838 | Dis:7    | Killed Dispater
 82855 | Dis:7    | Got an iron rune of Zot
 82895 | Dis:7    | Reached skill level 1 in Conjurations
 82923 | Dis:7    | Received a gift from Okawaru
 83709 | Geh:1    | Entered Level 1 of Gehenna
 83757 | Geh:1    | You fall through a shaft!
 83760 | Geh:2    | You fall through a shaft!
 83763 | Geh:3    | You fall through a shaft for 2 floors!
 83766 | Geh:5    | You fall through a shaft!
 83769 | Geh:6    | You fall through a shaft!
 83769 | Geh:7    | Entered Level 7 of Gehenna
 84303 | Geh:7    | Received a gift from Okawaru
 84423 | Geh:7    | Noticed Asmodeus
 84460 | Geh:7    | Killed Asmodeus
 84460 | Geh:7    | Reached skill level 5 in Conjurations
 84463 | Geh:7    | Killed from afar by a hellion

Vault maps used:
D:1:      matt_arrival_diagonals
D:2:      old_standard_altar, first_bread
D:3:      uniq_crazy_yiuf_cottage, uniq_natasha, uniq_robin
D:4:      minivault_11
D:5:      dancing_weapons_uskayaw
D:6:      grunt_temple_overflow_order_and_chaos_1, lemuel_temple_firewalk_a,
          uniq_eustachio, uniq_blork_the_orc
D:7:      lemuel_round_altar, cheibriados_altar_1, serial_shops, shop,
          grunt_livestock, hangedman_abyss_or_decor_lesser_grid,
          nicolae_alphabet_shops
D:8:      gammafunk_temple_overflow_wave, old_standard_altar,
          grunt_temple_overflow_open, uniq_pikel
D:9:      overflow_temple_1_default, erik_orc_1, serial_shops,
          nicolae_shop_behind_doors, tgw_xom
D:10:     erik_lair_dragon, basic_altar, serial_glass, glass_columns_a,
          glass_columns_a, minmay_strange_pillars, minmay_strange_pillars,
          uniq_joseph, uniq_erolcha
D:12:     regret_index_combs_of_tragedy, uniq_frances
D:13:     kennysheep_generic_room_14
D:14:     david_vaults_1, serial_shops, nicolae_shop_window_shopping,
          roderic_nine_men_s_morris, basic_altar, david_greed
D:15:     grunt_enter_depths_snipers, special_room, minivault_5, uniq_sonja
Lair:1:   dpeg_oklob_gauntlet, uniq_nergalle
Lair:2:   minivault_23, st_stairs_12, infiniplex_staircase_pool_2
Lair:3:   swamp_mist, hibernation_bobbens, uniq_prince_ribbit2
Lair:4:   spider_nest_entry_a, zaba_anthell
Lair:5:   lemuel_fruit_tree, grunt_megastairs_2
Lair:6:   due_jungle_book, minmay_slime_entry_oklob_enclosed, wad_woods_02
Swamp:1:  basic_altar, uniq_donald, uniq_josephine
Swamp:2:  portal_ice_cave_entry_ugly_swarm, evilmike_swamp_ruin_house_1,
          hangedman_swamp_cone, uniq_louise
Swamp:3:  serial_swamp_ruin, evilmike_swamp_ruin_house_6,
          evilmike_swamp_ruin_house_2
Swamp:4:  swamp_basic_johnstein
Spider:4: grunt_spider_rune_circles, spiders_nest_hornet_nest
Orc:1:    serial_shops, shop, nicolae_shop_waterfront
Orc:2:    st_orc_mages, serial_shops, nicolae_shop_overgrown_old_shop,
          chequers_guarded_unrand_ignorance
Elf:1:    serial_shops, shop, shop_fountains, orc_legates, amethyst_killhole,
          grunt_ministairs_3
Elf:2:    minmay_misc_feat_pillars
Elf:3:    minmay_elf_hall_hex, serial_shops, nicolae_shop_crystal, shop_statue,
          shop_statue, uniq_mara, uniq_asterion
Vaults:1: nicolae_vaults_network_quinsquares, vaults_standard_mumra_lines,
          v_misc_12, hangedman_vaults_slice, nicolae_vaults_mini_display_case,
          nicolae_vaults_ninety_degrees, vaults_room_glass_cross,
          ontoclasm_vaults_twist, vaults_room_fancy_cross,
          nicolae_vaults_asterisk, vaults_room_pools, grunt_vaults_hallway_long,
          vaults_room_stairs_pillars
Vaults:2: nicolae_vaults_big_ls, hangedman_vaults_trim, v_misc_22,
          v_alt_pattern_5, ontoclasm_vaults_loading_screen,
          hangedman_vaults_cutoff, v_misc_26, nicolae_vaults_yaktaur_gun_rack,
          vaults_room_semicircle, vaults_room_pool, serial_shops,
          nicolae_shop_waterfront, nicolae_shop_statue_plus, shop,
          nicolae_shop_behind_doors, nicolae_shop_crystal, uniq_sojobo
Vaults:3: blue_anna_dwarven_crypt, ontoclasm_vaults_shuriken,
          vaults_room_hangedman_quadrants, hangedman_vaults_river_flow,
          nicolae_vaults_network_square, ontoclasm_vaults_bender,
          nicolae_vaults_network_star, v_rooms_5,
          nicolae_vaults_border_crossing, vaults_mumra_minichess_inversion,
          vaults_dpeg_encased_lava, ontoclasm_vaults_ligature, enter_trove_6,
          uniq_jory, uniq_margery
Vaults:4: vaults_mumra_chevron_long, hangedman_vaults_stream,
          grunt_vaults_swirl, ontoclasm_vaults_spin, ontoclasm_vaults_gateway,
          nicolae_vaults_triangles, vaults_room_boxed, nicolae_vaults_network_s,
          v_misc_15, nicolae_vaults_halls_meeting,
          nicolae_vaults_little_squares_1, serial_shops, shop, shop,
          shop_statue, shop
Vaults:5: serial_shops, uniq_xtahua
Crypt:1:  infiniplex_enter_wizlab_glasses
Crypt:2:  st_burial_chamber
Crypt:3:  evilmike_haunted_forest
Tomb:3:   uniq_frederick
Depths:1: grunt_twisty_corner, hangedman_decor_growths, pf_hell_entry_tar_river,
          pan_entry, marbit_kobold_abyss_entry
Depths:2: minmay_guarded_unrand_guard, hell_entry, serial_bayou_pond_b,
          grunt_megastairs_1, infiniplex_staircase_spiral_double,
          serial_bayou_shore_a
Depths:3: kennysheep_water_balloons, enter_ziggurat_e, rand_demon_pan_entry_5,
          hell_entry, grunt_decor_resistance, abyss_entry, uniq_saint_roka
Depths:4: grunt_runaround, abyss_entry, hell_entry
Depths:5: evilmike_zot_entry_castle, nicolae_ashenzari_panopticon, hell_entry,
          nemelex_diamond_rough_becter
Dis:1:    grunt_deathspiral_small
Dis:2:    lemuel_mystery_crypt, hangedman_dis_chains
Dis:7:    iron_city_of_dis
Geh:1:    nicolae_geh_single_fiery_grave
Geh:3:    gehenna_fire_generator, nicolae_geh_fiery_graves
Geh:7:    evilmike_geh
Abyss:4:  hangedman_steaming_rock
Trove:    trove_garden
IceCv:    ice_cave_caverns_01
WizLab:   wizlab_golubria

Skill      XL: |  1  2  3  4  5  6  7  8  9 10 11 12 13 14 15 16 17 18 19 20 21 22 23 24 25 26 27 |
---------------+----------------------------------------------------------------------------------+-----
Shields        | 4 5 6 7 8 9 10 11 12 13 14 15 16 17 23 | 23.0
Dodging        | 1 7 8 9 10 18 | 18.9
Fighting       | 4 5 6 8 10 11 12 13 14 15 16 17 18 19 20 26 | 26.1
Armour         | 4 5 6 7 8 9 10 11 17 | 17.8
Maces & Flails | 1 3 5 7 |  7.4
Throwing       | 1 2 3 12 | 12.3
Axes           | 4 6 9 11 12 14 15 16 17 18 19 20 21 26 | 26.9
Stealth        | 2 5 6 |  6.1
Invocations    | 2 4 7 9 10 11 12 13 14 15 16 18 | 18.1
Crossbows      | 2 |  2.8
Poison Magic   | 3 6 |  6.4
Spellcasting   | 1 4 5 6 8 9 10 11 12 14 | 14.2
Slings         | 2 4 5 |  5.2
Summonings     | 4 5 7 |  7.1
Evocations     | 3 6 9 16 | 16.5
Earth Magic    | 1 4 9 16 | 16.7
Conjurations   | 5 |  5.0

Action                   |  1- 3 |  4- 6 |  7- 9 | 10-12 | 13-15 | 16-18 | 19-21 | 22-24 | 25-27 || total
-------------------------+-------+-------+-------+-------+-------+-------+-------+-------+-------++-------
Melee: Spear             |   205 |   261 |       |       |       |       |       |       |       ||   466
       Morningstar       |       |   111 |       |       |       |       |       |       |       ||   111
       Dire flail        |       |    14 |   319 |       |       |       |       |       |       ||   333
       Executioner's axe |       |       |    18 |   345 |   921 |   993 |  1406 |  1052 |  5054 ||  9789
       Flail             |       |       |       |       |    31 |   137 |       |       |       ||   168
 Fire: Hand crossbow     |       |       |       |       |    88 |     4 |       |       |       ||    92
       Fustibalus        |       |       |       |       |       |   314 |       |       |       ||   314
Throw: Javelin           |       |       |    24 |    39 |    23 |     6 |    14 |    53 |    88 ||   247
       Throwing net      |       |       |       |     1 |     2 |     1 |       |       |       ||     4
Invok: Heroism           |       |       |       |     6 |     8 |    11 |    11 |     7 |    26 ||    69
       Finesse           |       |       |       |       |     1 |     4 |     3 |     3 |    10 ||    21
 Abil: Dig               |       |       |     1 |       |       |     1 |       |       |    13 ||    15
       Shaft Self        |       |       |       |       |       |       |       |       |     9 ||     9
Evoke: Wand              |       |       |       |       |       |     2 |       |       |       ||     2
       Lamp of fire      |       |       |       |       |       |       |       |       |     3 ||     3
       Phantom mirror    |       |       |       |       |       |       |       |       |     2 ||     2
       Phial of floods   |       |       |       |       |       |       |       |       |     1 ||     1
  Use: Scroll            |       |    13 |     3 |     5 |    15 |     5 |     7 |     8 |    56 ||   112
       Potion            |       |     2 |     2 |     1 |     2 |     9 |     6 |     8 |    14 ||    44
 Stab: Distracted        |       |       |       |       |     1 |       |     3 |     1 |     4 ||     9
       Invisible         |       |       |       |       |       |     6 |       |       |       ||     6
       Sleeping          |       |       |       |       |       |       |     3 |       |       ||     3
       Paralysed         |       |       |       |       |       |       |       |     1 |       ||     1
       Confused          |       |       |       |       |       |       |       |       |     2 ||     2
  Eat: Chunk             |     4 |     9 |    15 |    20 |    27 |    32 |    25 |    14 |    42 ||   188
       Fruit             |       |       |     1 |     1 |     1 |     5 |     5 |     3 |    23 ||    39
       Royal jelly       |       |       |       |     1 |     2 |     2 |       |       |     4 ||     9
       Bread ration      |       |       |       |       |       |     1 |     1 |     1 |     4 ||     7
       Meat ration       |       |       |       |       |       |     1 |       |     1 |     5 ||     7
Armor: Scale mail        |    56 |     6 |       |       |       |       |       |       |       ||    62
       Skin              |       |    49 |    13 |       |     3 |       |       |       |       ||    65
       Plate armour      |       |   185 |   130 |   213 |   241 |       |       |       |       ||   769
       Crystal plate arm |       |       |       |       |   247 |   877 |   564 |   457 |   386 ||  2531
       Acid dragon scale |       |       |       |       |       |    65 |    63 |     1 |       ||   129
       Gold dragon scale |       |       |       |       |       |       |       |       |   484 ||   484
Dodge: Dodged            |    43 |    83 |    72 |   105 |   379 |   727 |   619 |   318 |  1240 ||  3586
Block: Shield            |    86 |   237 |   224 |   273 |   895 |  1385 |  1494 |   868 |   303 ||  5765
       Large shield      |       |       |       |       |       |       |       |       |  5619 ||  5619
